 Dungeon Crawl Stone Soup version 0.26-a0-495-g20a46bd (webtiles) character file.

Game seed: 11437542905363418364

14401 Illumine the Destroyer (level 12, 0/91 HPs)
             Began as a Gnoll Conjurer on Aug 3, 2020.
             Was a Believer of Ashenzari.
             Slain by Rupert
             ... wielding a +0 battleaxe of freezing
              (23 damage)
             ... while paralysed by Rupert
             ... on level 3 of the Lair of Beasts on Aug 5, 2020.
             The game lasted 00:36:51 (15920 turns).

Illumine the Destroyer (Gnoll Conjurer)            Turns: 15920, Time: 00:36:52

Health: 0/91       AC:  8    Str: 11    XL:     12   Next: 16%
Magic:  24/24      EV:  2    Int: 34    God:    Ashenzari [**....]
Gold:   722        SH:  0    Dex: 13    Spells: 7/28 levels left

rFire    + . .     SeeInvis .   D - +2 hand axe "Maid" {protect, rF+ Int+9 Stlth-}
rCold    + . .     Faith    .   J - +0 kite shield (curse)
rNeg     . . .     Spirit   .   R - +2 robe {rC+}
rPois    .         Reflect  +   (no helmet)
rElec    .         Harm     .   u - +1 cloak
rCorr    .                      k - +0 pair of gloves
MR       .....                  (no boots)
Stlth    +++.......             N - amulet of reflection (curse)
HPRegen  0.25/turn              (no ring)
MPRegen  0.19/turn              (no ring)

@: paralysed, held
A: distributed training, fangs 1, strong nose
a: Curse Item, Scrying, Renounce Religion


You were on level 3 of the Lair of Beasts.
You worshipped Ashenzari.
Ashenzari was pleased with you.
You visited 2 branches of the dungeon, and saw 14 of its levels.
You also visited: Sewer.

You collected 722 gold pieces.

Inventory:

Hand Weapons
 D - the +2 hand axe "Maid" (weapon) {protect, rF+ Int+9 Stlth-}
   (You found it on level 6 of the Dungeon)

   It grants its wielder temporary protection when it strikes (+7 to AC).
   It affects your intelligence (+9).
   It protects you from fire.
   It makes you less stealthy.
 I - a +3 dagger of electrocution
Missiles
 m - 52 poisoned darts (quivered)
 v - 83 sling bullets
Armour
 k - a +0 pair of gloves (worn)
 u - a +1 cloak (worn)
 J - a cursed +0 kite shield (worn)
 R - a +2 robe of cold resistance (worn)
Magical Staves
 i - an uncursed staff of poison
Jewellery
 p - an uncursed ring of fire
 x - an uncursed ring of ice
 y - an uncursed amulet of magic regeneration
 F - an uncursed ring of see invisible
 M - an uncursed ring of resist corrosion
 N - a cursed amulet of reflection (around neck)
Wands
 a - a wand of polymorph (27)
 s - a wand of digging (11)
 w - a wand of paralysis (15)
 K - a wand of acid (21)
 P - a wand of iceblast (7)
Scrolls
 b - 2 scrolls of amnesia
 c - 6 scrolls of remove curse
 f - 3 scrolls of fog
 h - a scroll of identify
 j - a scroll of enchant weapon
 n - 7 scrolls of teleportation
 o - 5 scrolls of blinking
 G - 3 scrolls of fear
 H - a scroll of magic mapping
 Q - a scroll of enchant armour
Potions
 d - 4 potions of haste
 e - a potion of flight {unknown}
 g - 3 potions of lignification
 l - 5 potions of curing
 q - a potion of mutation
 r - a potion of cancellation {unknown}
 t - 3 potions of heal wounds
 z - 8 potions of stabbing
 A - a potion of magic {unknown}
 B - 3 potions of berserk rage
 C - 3 potions of brilliance
 E - a potion of invisibility {unknown}
 L - 2 potions of ambrosia
 O - 2 potions of might


   Skills:
 + Level 7.0 Fighting
 + Level 7.0 Short Blades
 + Level 7.0 Long Blades
 + Level 7.0 Axes
 + Level 7.0 Maces & Flails
 + Level 7.0 Polearms
 + Level 7.0 Staves
 + Level 7.0 Slings
 + Level 7.0 Bows
 + Level 7.0 Crossbows
 + Level 7.0 Throwing
 + Level 7.0 Armour
 + Level 8.5 Dodging
 + Level 8.2 Stealth
 + Level 7.0(8.5) Shields
 + Level 7.0 Unarmed Combat
 + Level 8.7 Spellcasting
 + Level 9.3 Conjurations
 + Level 5.8 Hexes
 + Level 5.8 Summonings
 + Level 5.8 Necromancy
 + Level 5.8 Translocations
 + Level 5.8 Transmutations
 + Level 5.8 Fire Magic
 + Level 5.8 Ice Magic
 + Level 5.8 Air Magic
 + Level 5.8 Earth Magic
 + Level 5.8 Poison Magic
 + Level 7.7 Invocations
 + Level 7.0 Evocations


You had 7 spell levels left.
You knew the following spells:

 Your Spells              Type           Power        Failure   Level
a - Magic Dart            Conj           ####         1%          1
b - Searing Ray           Conj           ######       1%          2
d - Iskenderun's Mystic   Conj/Tloc      ######..     3%          4
e - Swiftness             Air            ######..     1%          2
f - Airstrike             Air            ######....   6%          4
g - Iskenderun's Battles  Conj           ######..     4%          5
h - Stone Arrow           Conj/Erth      ######       1%          3

Your spell library contained the following spells:

 Spells                   Type           Power        Failure   Level
 Animate Skeleton         Necr           ######       1%          1
 Beastly Appendage        Tmut           ######       1%          1
 Pain                     Necr           ####         1%          1
 Sandblast                Erth           ######       1%          1
 Shock                    Conj/Air       ####         1%          1
 Passwall                 Tmut/Erth      ######..     1%          2
 Wereblood                Tmut           ######..     1%          2
 Dazzling Flash           Conj/Hex       ######       1%          3
 Spider Form              Tmut/Pois      ######....   1%          3
 Static Discharge         Conj/Air       ######..     1%          3
 Vampiric Draining        Necr           ######....   1%          3
 Fulminant Prism          Conj/Hex       ######....   3%          4
 Animate Dead             Necr           ######....   6%          4
 Ice Form                 Ice/Tmut       ######..     6%          4
 Petrify                  Tmut/Erth      ######..     6%          4
 Lightning Bolt           Conj/Air       ######....   9%          5
 Bolt of Magma            Conj/Fire/Erth ######....   11%         5
 Agony                    Necr           ######..     17%         5
 Blade Hands              Tmut           ######....   17%         5
 Borgnjor's Vile Clutch   Necr/Erth      ######....   17%         5
 Lee's Rapid Deconstruct  Erth           ######....   17%         5
 Iron Shot                Conj/Erth      ######....   43%         6
 Death Channel            Necr           ######....   67%         6
 Simulacrum               Ice/Necr       ######....   67%         6
 Orb of Destruction       Conj           ######....   78%         7
 Spellforged Servitor     Conj/Summ      ######....   95%         7


Dungeon Overview and Level Annotations

Branches:
Dungeon (11/15)            Temple (0/1) D:7            Lair (3/6) D:10
    Orc (0/2) D:9           Sewer (visited)
  Swamp: Lair:2-4    Shoals: Lair:2-4     Snake: Lair:2-4    Spider: Lair:2-4

Altars:
Ashenzari
Nemelex Xobeh
Sif Muna
Xom

Shops:
D:6 :   D:7 (

Annotations:
D:5 Grinder
Lair:3 Rupert


Innate Abilities, Weirdness & Mutations

Your experience applies equally to all skills.
You have very sharp teeth.
Your uncanny sense of smell can sniff out nearby items.


Message History

The jumping spider is lightly wounded.
You block the jumping spider's attack. x2; The jumping spider misses you.
The jumping spider completely misses you.
The jumping spider pounces on you!
You are caught in a web!
The jumping spider bites you but does no damage.
Rupert yells loudly at you.
You suddenly lose the ability to move!
The jumping spider pounces on you!
You are even more entangled.
The jumping spider bites you. The jumping spider pounces on you!
The jumping spider bites you but does no damage.
Rupert roars madly and goes into a rage!
Rupert goes berserk!
The jumping spider pounces on you! The jumping spider bites you.
The jumping spider pounces on you!
* * * LOW HITPOINT WARNING * * *
The jumping spider bites you but does no damage.
The jumping spider pounces on you but does no damage.
The jumping spider bites you but does no damage.
Rupert hits you with a +0 battleaxe of freezing!!
You die...

.. **.... , , , ..
##..#.......P.P.## , * *
#.*#...#........#P.P##.. ,
#.P#...##...........#... , *
#..+...#P......P........,
##.#..?.#..........,..#.. ,,
##...#............# ..#... ,
..........#.......##..PP.. ,
....#...#......@@.........
.....#.#..#.....s.<....... , ,
.......................... ,
...................^......
.......................... ,
...##.##.................. , ,
.####...#.#.....#.#.......
,#..................##... ,
#......#...........##......##..


You could see Rupert (berserk) and a jumping spider.

Vanquished Creatures
  2 hydras
  2 black mambas
  5 cane toads
  A komodo dragon (Lair:1)
  2 trolls
  3 hippogriffs
  26 yaks
  A wyvern (Lair:2)
  2 porcupines (Lair:3)
  5 water moccasins
  5 orc warriors
  An ice beast (D:5)
  A sky beast (D:9)
  2 black bears
  3 phantoms
  A necrophage (D:10)
  6 wolves (Lair:2)
  2 ogres
  6 centaurs
  9 bullfrogs
  A gnoll sergeant (D:10)
  6 scorpions
  7 killer bees
  4 wights (D:8)
  A quasit (D:10)
  6 orc priests
  2 bullfrog zombies
  2 jellies (D:10)
  2 hounds (D:9)
  2 bullfrog skeletons
  Jessica (D:3)
  3 iguanas
  Terence (D:3)
  7 orc wizards
  6 worker ants
  2 hound skeletons
  A howler monkey skeleton (D:9)
  2 worker ant zombies
  6 gnolls
  13 adders
  A river rat (D:3)
  A shadow imp (D:5)
  3 white imps
  3 oozes
  An adder skeleton (D:7)
  3 worms
  3 dart slugs
  9 leopard geckos
  48 orcs
  8 bats
  13 giant cockroaches
  9 hobgoblins
  5 quokkas
  6 ball pythons
  10 frilled lizards
  5 goblins (D:1)
  9 kobolds
  2 leopard gecko skeletons
  A quokka skeleton (D:6)
  15 rats
315 creatures vanquished.

Vanquished Creatures (others)
  A plant (Lair:2)
1 creature vanquished.

Grand Total: 316 creatures vanquished

Notes
Turn   | Place    | Note
-------+----------+-------------------------------------------
     0 | D:1      | Illumine the Gnoll Conjurer began the quest for the Orb.
     0 | D:1      | Reached XP level 1. HP: 13/13 MP: 6/6
    84 | D:1      | Reached XP level 2. HP: 15/20 MP: 0/7
   471 | D:1      | Reached XP level 3. HP: 25/25 MP: 7/9
   509 | D:1      | Reached skill level 5 in Spellcasting
   708 | D:1      | Learned a level 2 spell: Searing Ray
  1008 | D:2      | Reached skill level 1 in Invocations
  1152 | D:2      | Reached skill level 1 in Fighting
  1152 | D:2      | Reached skill level 1 in Short Blades
  1152 | D:2      | Reached skill level 1 in Long Blades
  1152 | D:2      | Reached skill level 1 in Axes
  1152 | D:2      | Reached skill level 1 in Maces & Flails
  1152 | D:2      | Reached skill level 1 in Polearms
  1152 | D:2      | Reached skill level 1 in Staves
  1152 | D:2      | Reached skill level 1 in Slings
  1152 | D:2      | Reached skill level 1 in Bows
  1152 | D:2      | Reached skill level 1 in Crossbows
  1152 | D:2      | Reached skill level 1 in Throwing
  1152 | D:2      | Reached skill level 1 in Armour
  1152 | D:2      | Reached skill level 1 in Shields
  1152 | D:2      | Reached skill level 1 in Unarmed Combat
  1152 | D:2      | Reached skill level 1 in Evocations
  1152 | D:2      | Reached XP level 4. HP: 32/32 MP: 7/11
  1871 | D:3      | Reached skill level 1 in Hexes
  1871 | D:3      | Reached skill level 1 in Summonings
  1871 | D:3      | Reached skill level 1 in Necromancy
  1871 | D:3      | Reached skill level 1 in Translocations
  1871 | D:3      | Reached skill level 1 in Transmutations
  1871 | D:3      | Reached skill level 1 in Fire Magic
  1871 | D:3      | Reached skill level 1 in Ice Magic
  1871 | D:3      | Reached skill level 1 in Air Magic
  1871 | D:3      | Reached skill level 1 in Earth Magic
  1871 | D:3      | Reached skill level 1 in Poison Magic
  1942 | D:3      | Reached XP level 5. HP: 30/37 MP: 1/12
  1967 | D:3      | Found a glowing drain.
  2049 | Sewer    | Entered a sewer
  2428 | Sewer    | Reached XP level 6. HP: 42/44 MP: 9/13
  3044 | D:3      | Noticed Jessica
  3045 | D:3      | Killed Jessica
  3045 | D:3      | Reached skill level 5 in Dodging
  3222 | D:3      | Learned a level 3 spell: Dazzling Flash
  3227 | D:3      | Learned a level 4 spell: Iskenderun's Mystic Blast
  3240 | D:3      | Noticed Terence
  3273 | D:3      | Killed Terence
  3935 | D:4      | Found a sparkling altar of Nemelex Xobeh.
  3988 | D:4      | Reached XP level 7. HP: 50/50 MP: 6/15
  4824 | D:5      | Entered Level 5 of the Dungeon
  4834 | D:5      | Noticed Grinder
  5063 | D:5      | Reached skill level 5 in Stealth
  5467 | D:5      | Noticed Grinder
  5467 | D:5      | Grinder changed into Grinder the hellion
  5811 | D:6      | Reached XP level 8. HP: 57/57 MP: 13/16
  5957 | D:6      | Found a shattered altar of Ashenzari.
  6036 | D:6      | Became a worshipper of Ashenzari the Shackled
  6331 | D:6      | Got the hand axe "Maid" {protect, rF+ Int+9 Stlth-}
  6332 | D:6      | Identified the +2 hand axe "Maid" {protect, rF+ Int+9
                  | Stlth-} (You found it on level 6 of the Dungeon)
  6487 | D:6      | Found Wagut's Book Shop.
  6495 | D:6      | Upgraded the game from 0.26-a0-490-gf8362a0 to
                  | 0.26-a0-495-g20a46bd
  6884 | D:7      | Found Cemoorro's Weapon Emporium.
  7081 | D:7      | Reached XP level 9. HP: 63/65 MP: 12/18
  7193 | D:7      | Found a staircase to the Ecumenical Temple.
  7702 | D:7      | Found a shimmering altar of Xom.
  7770 | D:7      | Found a shimmering blue altar of Sif Muna.
  7829 | D:8      | Reached skill level 8 in Conjurations
  7980 | D:8      | Noticed a troll
  7995 | D:8      | Killed a troll
  7995 | D:8      | Reached skill level 5 in Invocations
  8328 | D:8      | Reached * piety under Ashenzari
  8386 | D:8      | Learned a level 2 spell: Swiftness
  8391 | D:8      | Learned a level 4 spell: Airstrike
  8664 | D:8      | Learned a level 5 spell: Iskenderun's Battlesphere
  8982 | D:9      | Reached XP level 10. HP: 73/73 MP: 16/20
  9268 | D:9      | Reached skill level 5 in Fighting
  9268 | D:9      | Reached skill level 5 in Short Blades
  9268 | D:9      | Reached skill level 5 in Long Blades
  9268 | D:9      | Reached skill level 5 in Axes
  9268 | D:9      | Reached skill level 5 in Maces & Flails
  9268 | D:9      | Reached skill level 5 in Polearms
  9268 | D:9      | Reached skill level 5 in Staves
  9268 | D:9      | Reached skill level 5 in Slings
  9268 | D:9      | Reached skill level 5 in Bows
  9268 | D:9      | Reached skill level 5 in Crossbows
  9268 | D:9      | Reached skill level 5 in Throwing
  9268 | D:9      | Reached skill level 5 in Armour
  9268 | D:9      | Reached skill level 5 in Shields
  9268 | D:9      | Reached skill level 5 in Unarmed Combat
  9268 | D:9      | Reached skill level 5 in Evocations
 10160 | D:9      | Found a staircase to the Orcish Mines.
 10802 | D:10     | Entered Level 10 of the Dungeon
 11272 | D:10     | Found a staircase to the Lair.
 12065 | Lair:1   | Entered Level 1 of the Lair of Beasts
 12065 | Lair:1   | Noticed a cane toad
 12070 | Lair:1   | Killed a cane toad
 12329 | Lair:1   | Noticed a cane toad
 12337 | Lair:1   | Killed a cane toad
 12337 | Lair:1   | Reached XP level 11. HP: 81/81 MP: 11/22
 12421 | Lair:1   | Reached ** piety under Ashenzari
 12757 | Lair:1   | Reached skill level 5 in Hexes
 12757 | Lair:1   | Reached skill level 5 in Summonings
 12757 | Lair:1   | Reached skill level 5 in Necromancy
 12757 | Lair:1   | Reached skill level 5 in Translocations
 12757 | Lair:1   | Reached skill level 5 in Transmutations
 12757 | Lair:1   | Reached skill level 5 in Fire Magic
 12757 | Lair:1   | Reached skill level 5 in Ice Magic
 12757 | Lair:1   | Reached skill level 5 in Air Magic
 12757 | Lair:1   | Reached skill level 5 in Earth Magic
 12757 | Lair:1   | Reached skill level 5 in Poison Magic
 13808 | Lair:2   | Reached skill level 9 in Conjurations
 14223 | Lair:2   | Noticed a four-headed hydra
 14230 | Lair:2   | Killed a four-headed hydra
 14337 | Lair:2   | Learned a level 3 spell: Stone Arrow
 15220 | Lair:3   | Noticed an eight-headed hydra
 15499 | Lair:3   | Reached XP level 12. HP: 89/89 MP: 14/24
 15779 | Lair:3   | Killed an eight-headed hydra
 15906 | Lair:3   | Noticed Rupert
 15917 | Lair:3   | Paralysed by Rupert for 7 turns
 15920 | Lair:3   | Slain by Rupert

Illustrated notes

Levels and vault maps discovered:
D:1:      dpeg_arrival_orchard, layout_basic
D:2:      layout_loops_ring
D:3:      layout_basic, lightli_sewer_entry_pipes, uniq_jessica, uniq_terence
D:4:      layout_basic, nemelex_xobeh_ov_fountains_minmay
D:5:      layout_basic, grunt_temple_overflow_diamond, uniq_grinder
D:6:      layout_basic, ashenzari_conservatory_becter, serial_shops, shop,
          grunt_tough_drop
D:7:      layout_basic, led_sif_pool, minmay_temple_entry_arrows, serial_shops,
          shop, tgw_xom
D:8:      layout_basic, minivault_19
D:9:      layout_basic, david_orc_2
D:10:     layout_gridville, lair_entry_dummy
D:11:     minmay_the_grid_octo_tiled_squarecenter [minmay_the_grid_octo_teeth,
          minmay_the_grid_octo_toaster, minmay_the_grid_octo_horde,
          minmay_the_grid_octo_chip,
          minmay_the_grid_square_5x5_megaprize_diamond,
          minmay_the_grid_square_5x5_pentomino_r,
          minmay_the_grid_square_5x5_two_walls_b,
          minmay_the_grid_square_5x5_sharp_hourglass,
          minmay_the_grid_square_5x5_three_small], layout_irregular_city,
          minmay_joined_circles, uniq_urug
Lair:1:   layout_cave_pods
Lair:2:   layout_regular_city
Lair:3:   layout_regular_city, nicolae_spider_entry_tight_spaces,
          beast_lair_carwin_5, uniq_rupert, uniq_sonja

Skill      XL: |  1  2  3  4  5  6  7  8  9 10 11 12 |
---------------+-------------------------------------+-----
Spellcasting   | 5 6 7 8 |  8.7
Invocations    | 1 2 3 4 5 6 7 |  7.7
Fighting       | 1 2 3 4 5 6 7 |  7.0
Short Blades   | 1 2 3 4 5 6 7 |  7.0
Long Blades    | 1 2 3 4 5 6 7 |  7.0
Axes           | 1 2 3 4 5 6 7 |  7.0
Maces & Flails | 1 2 3 4 5 6 7 |  7.0
Polearms       | 1 2 3 4 5 6 7 |  7.0
Staves         | 1 2 3 4 5 6 7 |  7.0
Slings         | 1 2 3 4 5 6 7 |  7.0
Bows           | 1 2 3 4 5 6 7 |  7.0
Crossbows      | 1 2 3 4 5 6 7 |  7.0
Throwing       | 1 2 3 4 5 6 7 |  7.0
Armour         | 1 2 3 4 5 6 7 |  7.0
Shields        | 1 2 3 4 5 6 7 |  7.0
Unarmed Combat | 1 2 3 4 5 6 7 |  7.0
Evocations     | 1 2 3 4 5 6 7 |  7.0
Hexes          | 1 2 3 4 5 |  5.8
Summonings     | 1 2 3 4 5 |  5.8
Necromancy     | 1 2 3 4 5 |  5.8
Translocations | 1 2 3 4 5 |  5.8
Transmutations | 1 2 3 4 5 |  5.8
Fire Magic     | 1 2 3 4 5 |  5.8
Ice Magic      | 1 2 3 4 5 |  5.8
Air Magic      | 1 2 3 4 5 |  5.8
Earth Magic    | 1 2 3 4 5 |  5.8
Poison Magic   | 1 2 3 4 5 |  5.8
Dodging        | 5 6 7 8 |  8.5
Stealth        | 5 6 7 8 |  8.2
Conjurations   | 8 9 |  9.3

Action                   |  1- 3 |  4- 6 |  7- 9 | 10-12 || total
-------------------------+-------+-------+-------+-------++-------
Melee: Dagger            |     3 |       |       |       ||     3
       Bite              |     2 |       |     4 |     5 ||    11
       Short sword       |     1 |     9 |       |       ||    10
       Mace              |       |     1 |     1 |       ||     2
       Morningstar       |       |       |     4 |       ||     4
       Hand axe          |       |       |    52 |    36 ||    88
       Punch             |       |       |     1 |     1 ||     2
Throw: Dart              |       |     6 |    11 |     4 ||    21
 Cast: Magic Dart        |    57 |    93 |    96 |   121 ||   367
       Searing Ray       |     1 |    16 |    66 |    52 ||   135
       Iskenderun's Batt |       |       |     1 |    54 ||    55
       Airstrike         |       |       |       |     6 ||     6
       Stone Arrow       |       |       |       |    19 ||    19
       Iskenderun's Myst |       |       |       |     1 ||     1
Invok: Curse Item        |       |       |     1 |       ||     1
Evoke: Wand              |       |       |     1 |       ||     1
  Use: Scroll            |       |       |     1 |    20 ||    21
 Stab: Sleeping          |     1 |       |     2 |       ||     3
Armor: Robe              |     3 |     6 |       |    10 ||    19
       Leather armour    |       |     1 |    22 |     4 ||    27
Dodge: Dodged            |     6 |    14 |    58 |    34 ||   112
Block: Other             |       |       |     4 |     8 ||    12
       Reflection        |       |       |       |     1 ||     1
       Kite shield       |       |       |       |    11 ||    11

Table legend: (Time is in decaauts)
 A = Elapsed time spent in this place.
 B = Non-inter-level travel time spent in this place.
 C = Inter-level travel time spent in this place.
 D = Time resting spent in this place.
 E = Time spent auto-exploring this place.
 F = Levels seen in this place.
 G = Mean time per level.
                   A        B        C        D        E       F      G
               +--------+--------+--------+--------+--------+-----+--------+
         Total |  16045 |  15591 |    454 |   4987 |   8038 |  15 | 1069.7 |
       Dungeon |  11484 |  11127 |    357 |   3107 |   6060 |  11 | 1044.0 |
          Lair |   3856 |   3759 |     97 |   1710 |   1542 |   3 | 1285.3 |
         Sewer |    705 |    705 |      0 |    170 |    436 |   1 |  705.0 |
               +--------+--------+--------+--------+--------+-----+--------+

Top non-repeatable levels by time:
     D:9: 1970 daAuts
  Lair:2: 1752 daAuts
  Lair:1: 1406 daAuts
     D:4: 1399 daAuts
     D:3: 1283 daAuts
    D:10: 1261 daAuts
     D:6: 1132 daAuts
     D:8: 1033 daAuts
     D:1: 1006 daAuts
     D:7: 977 daAuts
     D:2: 825 daAuts
   Sewer: 705 daAuts
  Lair:3: 697 daAuts
     D:5: 593 daAuts
    D:11: 1 daAuts
